 Dungeon Crawl Stone Soup version 0.30-a0-918-g0ff054e9dc (webtiles) character file.

Game seed: 13738374882071808170

1012 lessens the Grave Robber (level 8, -2/58 HPs)
             Began as a Gnoll Necromancer on Mar 20, 2023.
             Splashed by a jelly's acid (6 damage)
             ... on level 5 of the Dungeon on Mar 21, 2023.
             The game lasted 00:06:59 (4526 turns).

lessens the Grave Robber (Gnoll Necromancer)        Turns: 4526, Time: 00:06:59

Health: -2/58      AC: -7    Str: 10    XL:     8   Next: 21%
Magic:  17/17      EV: 14    Int: 15    God:
Gold:   253        SH:  0    Dex: 12    Spells: 15/19 levels left

rFire   . . .      SeeInvis .    s - +1 whip (venom)
rCold   . . .      Faith    .    (no shield)
rNeg    . . .      Spirit   .    a - +0 robe
rPois   .          Reflect  .    (no helmet)
rElec   .          Rampage  .    (no cloak)
rCorr   .                        u - +1 pair of gloves
Will    .....                    (no boots)
Stlth   +++                      (no amulet)
HPRegen 0.29/turn                (no ring)
MPRegen 0.15/turn                (no ring)

@: corroded, attractive
A: fangs 1, strong nose, distributed training
a: no special abilities


You were on level 5 of the Dungeon.
You visited 1 branch of the dungeon, and saw 5 of its levels.

You collected 253 gold pieces.

Inventory:

Hand Weapons
 j - a +0 dagger
 s - a +1 whip of venom (weapon)
Missiles
 c - 58 stones
 m - 13 poisoned darts
Armour
 a - a +0 robe (worn)
 u - a +1 pair of gloves (worn)
Jewellery
 e - a ring of see invisible
Wands
 w - a wand of mindburst (12)
Scrolls
 f - 2 scrolls of fear {unknown}
 g - a scroll of brand weapon {unknown}
 i - 2 scrolls of vulnerability {unknown}
 k - a scroll of fog {unknown}
 n - a scroll of amnesia {unknown}
 t - a scroll of enchant armour {unknown}
 v - a scroll of blinking {unknown}
Potions
 b - a potion of magic
 d - a potion of curing
 h - a potion of haste {unknown}
 l - a potion of mutation {unknown}
 o - a potion of brilliance {unknown}
 p - a potion of attraction
 q - a potion of heal wounds {unknown}
 r - a potion of resistance {unknown}


   Skills:
 + Level 3.2 Fighting
 + Level 3.2 Short Blades
 + Level 3.2 Long Blades
 + Level 3.2 Axes
 + Level 3.2 Maces & Flails
 + Level 3.2 Polearms
 + Level 3.2 Staves
 + Level 3.2 Ranged Weapons
 + Level 3.2 Throwing
 + Level 3.2 Armour
 + Level 5.6 Dodging
 + Level 5.3 Stealth
 + Level 3.2 Shields
 + Level 3.2 Unarmed Combat
 + Level 6.0 Spellcasting
 + Level 2.6 Conjurations
 + Level 2.6 Hexes
 + Level 2.6 Summonings
 + Level 7.6 Necromancy
 + Level 2.6 Translocations
 + Level 2.6 Transmutations
 + Level 2.6 Fire Magic
 + Level 2.6 Ice Magic
 + Level 2.6 Air Magic
 + Level 2.6 Earth Magic
 + Level 2.6 Poison Magic
 + Level 3.5 Invocations
 + Level 3.2 Evocations


You had 15 spell levels left.
You knew the following spells:

 Your Spells              Type           Power      Damage    Failure   Level
a - Necrotise             Necr           100%       1d9       1%          1
b - Vampiric Draining     Necr           27%        2d7       1%          3

Your spell library contained the following spells:

 Spells                   Type           Power      Damage    Failure   Level
 Animate Dead             Necr           27%        N/A       6%          4
 Ozocubu's Armour         Ice            12%        N/A       16%         3
 Agony                    Necr           27%        N/A       19%         5
 Ozocubu's Refrigeration  Ice            6%         4d8       100%        7


Dungeon Overview and Level Annotations

Branches:
Dungeon (5/15) Zot: 25477
 Temple: D:4-7

Altars:

Shops:
D:1 (


Innate Abilities, Weirdness & Mutations

You have very sharp teeth.
Your uncanny sense of smell can sniff out nearby items.
Your experience applies equally to all skills.


Message History

The scorpion attacks as you move away! The scorpion stings you.
You are poisoned.
The scorpion poisons you!
You feel sick.
You kill the scorpion!
Your Spellcasting skill increases to level 6!
You feel sick.
You feel sick.
You start resting.
You feel sick. x4
You are no longer poisoned.
You start resting.
Magic restored.
An adder comes into view.
The jelly quivers.
Aiming: Mindburst
Press: ? - help, Shift-Dir - straight line, f - you
Okay, then.
Unknown command.
Okay, then.
You hit the jelly. The acid corrodes you!
Your hands burn!
* * * LOW HITPOINT WARNING * * *
You punch the jelly.
The jelly is moderately wounded.
The jelly hits you.
* * * LOW HITPOINT WARNING * * *
You are splashed with acid!
* * * LOW HITPOINT WARNING * * *
You hit the jelly. The acid corrodes you!
Your hands burn!
* * * LOW HITPOINT WARNING * * *
You bite the jelly, but do no damage.
The jelly is heavily wounded.
The jelly closely misses you.
You feel better. The jelly hits you.
* * * LOW HITPOINT WARNING * * *
The acid corrodes you!
You are splashed with acid.
* * * LOW HITPOINT WARNING * * *
It was a potion of attraction.
You feel attractive to monsters. The jelly hits you.
* * * LOW HITPOINT WARNING * * *
You are splashed with acid.
You die...

# # # # # # . # ..#
#######..### ..#
#...@J.....# ...#
##...#+#.....## ...#
#....# .......## ..#
#..### #...#.)###..#
#..# #...##..).#.#
#..### ###..# #......#
#....# #....# ##.....#
#....###....###.......
#............†....##..


You could see a jelly.

Vanquished Creatures
  A water moccasin (D:5)
  2 ogres
  2 phantoms
  6 scorpions
  An orc priest (D:5)
  A hound (D:4)
  An iguana (D:4)
  6 adders
  A worm (D:2)
  4 dart slugs
  5 orcs
  7 endoplasms
  4 giant cockroaches
  6 goblins
  4 hobgoblins
  A jackal (D:5)
  6 quokkas
  13 ball pythons
  3 bats
  3 frilled lizards
  7 kobolds
84 creatures vanquished.

Vanquished Creatures (collateral kills)
  2 ball pythons
  A rat (D:3)
3 creatures vanquished.

Vanquished Creatures (others)
  A plant (D:3)
1 creature vanquished.

Grand Total: 88 creatures vanquished

Notes
Turn   | Place    | Note
-------+----------+-------------------------------------------
     0 | D:1      | lessens the Gnoll Necromancer began the quest for the Orb.
     0 | D:1      | Reached XP level 1. HP: 13/13 MP: 6/6
     6 | D:1      | Noticed a scorpion
     6 | D:1      | Noticed a black mamba
     7 | D:1      | Noticed a black bear
     7 | D:1      | Noticed a seven-headed hydra
   211 | D:1      | Reached XP level 2. HP: 19/19 MP: 4/7
   530 | D:1      | Found Ysaass's Antique Weapon Shoppe.
   810 | D:1      | Reached skill level 5 in Spellcasting
   810 | D:1      | Reached XP level 3. HP: 21/25 MP: 3/9
  1062 | D:2      | Learned a level 3 spell: Vampiric Draining
  1235 | D:2      | Reached skill level 1 in Invocations
  1746 | D:2      | Reached skill level 1 in Fighting
  1746 | D:2      | Reached skill level 1 in Short Blades
  1746 | D:2      | Reached skill level 1 in Long Blades
  1746 | D:2      | Reached skill level 1 in Axes
  1746 | D:2      | Reached skill level 1 in Maces & Flails
  1746 | D:2      | Reached skill level 1 in Polearms
  1746 | D:2      | Reached skill level 1 in Staves
  1746 | D:2      | Reached skill level 1 in Ranged Weapons
  1746 | D:2      | Reached skill level 1 in Throwing
  1746 | D:2      | Reached skill level 1 in Armour
  1746 | D:2      | Reached skill level 1 in Shields
  1746 | D:2      | Reached skill level 1 in Unarmed Combat
  1746 | D:2      | Reached skill level 1 in Evocations
  1878 | D:2      | Reached XP level 4. HP: 32/32 MP: 4/11
  2547 | D:3      | Reached skill level 1 in Conjurations
  2547 | D:3      | Reached skill level 1 in Hexes
  2547 | D:3      | Reached skill level 1 in Summonings
  2547 | D:3      | Reached skill level 1 in Translocations
  2547 | D:3      | Reached skill level 1 in Transmutations
  2547 | D:3      | Reached skill level 1 in Fire Magic
  2547 | D:3      | Reached skill level 1 in Ice Magic
  2547 | D:3      | Reached skill level 1 in Air Magic
  2547 | D:3      | Reached skill level 1 in Earth Magic
  2547 | D:3      | Reached skill level 1 in Poison Magic
  2767 | D:3      | Found a faded altar of an unknown god.
  3100 | D:4      | Reached XP level 5. HP: 37/37 MP: 7/12
  3283 | D:4      | Noticed a phantom
  3326 | D:4      | Killed a phantom
  3327 | D:4      | Reached XP level 6. HP: 25/44 MP: 14/14
  3446 | D:4      | Reached skill level 5 in Dodging
  3789 | D:4      | Reached XP level 7. HP: 45/50 MP: 15/15
  4073 | D:5      | Entered Level 5 of the Dungeon
  4206 | D:5      | Reached skill level 5 in Stealth
  4426 | D:5      | Reached XP level 8. HP: 30/58 MP: 7/16
  4524 | D:5      | HP: 2/58 [acid (5)]
  4526 | D:5      | Splashed by a jelly's acid

Illustrated notes

Levels and vault maps discovered:
D:1:      onia_arrival_zoo_common, layout_loops_ring, serial_shops,
          nicolae_shop_crystal
D:2:      layout_basic, kennysheep_generic_room_12
D:3:      layout_basic, dreamdust_ecumenical_altar_hidden_monk_grotto
D:4:      layout_rooms
D:5:      minmay_recursive_quarters, layout_cave_pods,
          nicolae_ossuary_entry_plus, uniq_eustachio

Skill      XL: |  1  2  3  4  5  6  7  8 |
---------------+-------------------------+-----
Spellcasting   | 5 6 |  6.0
Invocations    | 1 2 3 |  3.5
Fighting       | 1 2 3 |  3.2
Short Blades   | 1 2 3 |  3.2
Long Blades    | 1 2 3 |  3.2
Axes           | 1 2 3 |  3.2
Maces & Flails | 1 2 3 |  3.2
Polearms       | 1 2 3 |  3.2
Staves         | 1 2 3 |  3.2
Ranged Weapons | 1 2 3 |  3.2
Throwing       | 1 2 3 |  3.2
Armour         | 1 2 3 |  3.2
Shields        | 1 2 3 |  3.2
Unarmed Combat | 1 2 3 |  3.2
Evocations     | 1 2 3 |  3.2
Conjurations   | 1 2 |  2.6
Hexes          | 1 2 |  2.6
Summonings     | 1 2 |  2.6
Translocations | 1 2 |  2.6
Transmutations | 1 2 |  2.6
Fire Magic     | 1 2 |  2.6
Ice Magic      | 1 2 |  2.6
Air Magic      | 1 2 |  2.6
Earth Magic    | 1 2 |  2.6
Poison Magic   | 1 2 |  2.6
Dodging        | 5 |  5.6
Stealth        | 5 |  5.3
Necromancy     | |  7.6

Action                     |  1- 3 |  4- 6 |  7- 9 || total
---------------------------+-------+-------+-------++-------
  Melee: Dagger            |     1 |       |       ||     1
         Whip              |       |    52 |    97 ||   149
         Bite              |       |     5 |     7 ||    12
         Punch             |       |     1 |     2 ||     3
   Cast: Necrotise         |    72 |    36 |     1 ||   109
         Vampiric Draining |       |     2 |     4 ||     6
    Use: Potion            |       |       |     3 ||     3
   Stab: Sleeping          |     1 |     1 |     2 ||     4
 Armour: Robe              |       |     4 |    13 ||    17
  Dodge: Dodged            |    12 |    30 |    66 ||   108

Table legend: (Time is in decaauts)
 A = Elapsed time spent in this place.
 B = Non-inter-level travel time spent in this place.
 C = Inter-level travel time spent in this place.
 D = Time resting spent in this place.
 E = Time spent auto-exploring this place.
 F = Levels seen in this place.
 G = Mean time per level.
                   A        B        C        D        E       F      G
               +--------+--------+--------+--------+--------+-----+--------+
         Total |   4521 |   4443 |     78 |    165 |   3534 |   5 |  904.2 |
       Dungeon |   4521 |   4443 |     78 |    165 |   3534 |   5 |  904.2 |
               +--------+--------+--------+--------+--------+-----+--------+

Top non-repeatable levels by time:
     D:2: 1236 daAuts
     D:4: 1018 daAuts
     D:1: 1005 daAuts
     D:3: 811 daAuts
     D:5: 450 daAuts
